 Dungeon Crawl Stone Soup version 0.28.0-62-gf88900778d (webtiles) character file.

Game seed: 6672497411019551516

196 cbfl8 the Covered (level 5, 0/42 HPs)
             Began as a Demonspawn Fighter on Sept 3, 2023.
             Killed by divine providence
             ... invoked by an orc priest
              (11 damage)
             ... on level 4 of the Dungeon.
             The game lasted 00:02:01 (3487 turns).

cbfl8 the Covered (Demonspawn Fighter)              Turns: 3487, Time: 00:02:01

Health: 0/42       AC:  9    Str: 16    XL:     5   Next: 46%
Magic:  5/5        EV:  8    Int:  9    God:
Gold:   112        SH:  5    Dex: 15    Spells: 4/4 levels left

rFire   . . .      SeeInvis .   a - +0 war axe
rCold   . . .      Faith    .   c - +0 buckler
rNeg    . . .      Spirit   .   b - +0 scale mail
rPois   .          Reflect  .   (no helmet)
rElec   .          Harm     .   (no cloak)
rCorr   .          Rampage  .   g - +0 pair of gloves
Will    .....                   (no boots)
Stlth   ..........              (no amulet)
HPRegen 0.14/turn               s - ring of flight
MPRegen 0.09/turn               (no ring)

@: flying
A: rugged brown scales 1, demonic guardian 1, powered by pain 1
a: no special abilities


You were on level 4 of the Dungeon.
You visited 1 branch of the dungeon, and saw 4 of its levels.

You collected 112 gold pieces.

Inventory:

Hand Weapons
 a - a +0 war axe (weapon)
Armour
 b - a +0 scale mail (worn)
 c - a +0 buckler (worn)
 g - a +0 pair of gloves (worn)
Jewellery
 s - a ring of flight (left hand)
Scrolls
 f - 2 scrolls of teleportation {unknown}
 h - 3 scrolls of identify {unknown}
 j - a scroll of noise {unknown}
 k - a scroll of fog {unknown}
 l - 2 scrolls of amnesia {unknown}
 r - a scroll of blinking {unknown}
Potions
 d - a potion of might
 e - 2 potions of mutation {unknown}
 i - 2 potions of cancellation {unknown}
 m - a potion of heal wounds {unknown}
 n - a potion of lignification {unknown}
 o - 2 potions of curing
 p - a potion of invisibility {unknown}


   Skills:
 + Level 3.4 Fighting
 + Level 3.4 Axes
 + Level 3.6 Armour
 + Level 3.1 Shields
 * Level 2.1 Evocations


You had 4 spell levels left.
You didn't know any spells.
Your spell library contained the following spells:

 Spells                   Type           Power      Damage    Failure   Level
 Foxfire                  Conj/Fire      0%         2x1d4     88%         1
 Sandblast                Erth           0%         2d4       88%         1
 Passwall                 Tmut/Erth      0%         N/A       96%         2
 Dazzling Flash           Conj/Hex       0%         N/A       99%         3
 Gell's Gravitas          Tloc           0%         N/A       99%         3
 Ignite Poison            Fire/Tmut/Pois 0%         N/A       99%         3
 Mephitic Cloud           Conj/Pois/Air  0%         N/A       99%         3
 Stone Arrow              Conj/Erth      0%         3d7       99%         3
 Teleport Other           Tloc           0%         N/A       99%         3
 Tukima's Dance           Hex            0%         N/A       99%         3
 Cause Fear               Hex            0%         N/A       100%        4
 Olgreb's Toxic Radiance  Pois           0%         N/A       100%        4
 Passage of Golubria      Tloc           0%         N/A       100%        4
 Freezing Cloud           Conj/Ice/Air   0%         6-21      100%        5
 Lightning Bolt           Conj/Air       0%         1d11      100%        5
 Yara's Violent Unravell  Hex/Tmut       0%         3d3       100%        5
 Dispersal                Tloc           0%         N/A       100%        6
 Dragon Form              Tmut           0%         N/A       100%        7
 Orb of Destruction       Conj           0%         9d5       100%        7
 Dragon's Call            Summ           0%         N/A       100%        9


Dungeon Overview and Level Annotations

Branches:
Dungeon (4/15)
 Temple: D:4-7

Altars:


Innate Abilities, Weirdness & Mutations

You are partially covered in rugged brown scales. (AC +1, +3% HP)
A weak demonic guardian rushes to your aid.
You sometimes gain a little power by taking damage.


Message History

There are monsters nearby!
You hit the orc but do no damage.
The orc is heavily wounded.
You hit the orc priest but do no damage.
The orc hits you with a +0 short sword.
The orc priest hits you with a +0 dagger.
There are monsters nearby!
You hit the orc.
You kill the orc!
You closely miss the orc priest. The orc priest barely misses you.
The orc priest hits you with a +0 dagger.
An orc priest is nearby!
You hit the orc priest but do no damage.
The orc priest is moderately wounded.
The orc priest hits you with a +0 dagger.
An orc priest is nearby!
You hit the orc priest.
The orc priest is severely wounded.
The orc priest hits you with a +0 dagger.
An orc priest is nearby!
You are too injured to fight recklessly!
You are too injured to fight recklessly!
You are too injured to fight recklessly!
You barely miss the orc priest.
The orc priest is severely wounded.
The orc priest hits you but does no damage.
The orc priest mumbles some strange prayers to Beogh against you.
Beogh smites you!
* * * LOW HITPOINT WARNING * * *
You hear a shout!
You barely miss the orc priest.
The orc priest is severely wounded.
A hound skeleton comes into view.
The orc priest hits you but does no damage.
The orc priest looks satisfied for a moment.
You hit the orc priest.
The orc priest is severely wounded.
The orc priest invokes the aid of Beogh against you.
Beogh smites you!
You die...

##...### #.....
##....######.#.#
#.##..#.......# )
#.###.....#..# #..
#.# ##.##...##....
#.# #..).......#
#.###.#.##.Z####
#.##....##...### #
#....†.###.#..@##.#
#.#...###..###.o)/#
.. #.####..##
###..# .. .<. #.#
..# . ..## #. #...
... .. #..# .. #.
.## #


You could see an orc priest and a hound skeleton.

Vanquished Creatures
  2 hounds (D:4)
  Natasha (thrice) (D:2)
  An adder (D:3)
  A worm (D:2)
  2 dart slugs
  An orc (D:4)
  8 ball pythons
  7 endoplasms
  A giant cockroach (D:3)
  4 goblins
  3 hobgoblins
  4 kobolds
  2 quokkas
  3 bats
  A frilled lizard (D:2)
  4 rats
47 creatures vanquished.

Notes
Turn   | Place    | Note
-------+----------+-------------------------------------------
     0 | D:1      | cbfl8 the Demonspawn Fighter began the quest for the Orb.
     0 | D:1      | Reached XP level 1. HP: 18/18 MP: 1/1
   204 | D:1      | Found a faded altar of an unknown god.
   269 | D:1      | Gained mutation: You sometimes gain a little power by
                  | taking damage. [demonic ancestry]
   269 | D:1      | Reached XP level 2. HP: 11/24 MP: 2/2
   587 | D:1      | Got the Handbook of Attacks and Poison
  1294 | D:2      | Gained mutation: You are partially covered in rugged brown
                  | scales. (AC +1, +3% HP) [demonic ancestry]
  1294 | D:2      | Reached XP level 3. HP: 19/27 MP: 3/3
  1674 | D:2      | Noticed Natasha
  1683 | D:2      | Killed Natasha
  1684 | D:2      | Reached skill level 1 in Evocations
  2164 | D:2      | Noticed Natasha
  2171 | D:2      | Killed Natasha
  2172 | D:2      | Reached XP level 4. HP: 29/36 MP: 4/4
  2385 | D:2      | Noticed Natasha
  2391 | D:2      | Killed Natasha
  3320 | D:4      | Gained mutation: A weak demonic guardian rushes to your
                  | aid. [demonic ancestry]
  3320 | D:4      | Reached XP level 5. HP: 32/42 MP: 5/5
  3487 | D:4      | Killed from afar by an orc priest

Illustrated notes

Levels and vault maps discovered:
D:1:      saegor_arrival_under_anarchy, layout_basic,
          hellmonk_ecumenical_altar_slurped_away
D:2:      layout_basic, uniq_natasha
D:3:      layout_basic
D:4:      layout_rooms

Skill      XL: |  1  2  3  4  5 |
---------------+----------------+-----
Axes           | 2 3 |  3.4
Armour         | 3 |  3.6
Evocations     | 1 2 |  2.1
Shields        | 3 |  3.1
Fighting       | |  3.4

Action                   |  1- 3 |  4- 6 || total
-------------------------+-------+-------++-------
Melee: War axe           |    85 |    58 ||   143
Armor: Scale mail        |    38 |    35 ||    73
Dodge: Dodged            |    30 |    26 ||    56
Block: Buckler           |    20 |     9 ||    29
